 Dungeon Crawl Stone Soup version 0.27.0-1-g7a089689b8 (webtiles) character file.

Game seed: 17900966567382891785

6258 Mesmaeker13 the Spear-Bearer (level 10, -4/94 HPs)
             Began as a Minotaur Gladiator on Aug 5, 2021.
             Was a Believer of Zin.
             Slain by a vampire (6 damage)
             ... on level 9 of the Dungeon.
             The game lasted 00:14:05 (10088 turns).

Mesmaeker13 the Spear-Bearer (Minotaur Gladiator)  Turns: 10088, Time: 00:14:07

Health: -4/94      AC: 11    Str: 29    XL:     10   Next: 62%
Magic:  9/9        EV:  8    Int:  5    God:    Zin [**....]
Gold:   317        SH: 13    Dex: 11    Spells: 9/9 levels left

rFire    . . .     SeeInvis .   a - +0 trident
rCold    . . .     Faith    .   e - +1 kite shield {reflect}
rNeg     . . .     Spirit   .   s - +0 chain mail
rPois    .         Reflect  +   c - +0 hat
rElec    .         Harm     .   t - +0 cloak
rCorr    .         Rampage  .   (no gloves)
Will     .....                  (no boots)
Stlth    ..........             (no amulet)
HPRegen  0.25/turn              x - +6 ring of strength
MPRegen  0.11/turn              (no ring)

@: no status effects
A: horns 2, retaliatory headbutt
a: Renounce Religion, Recite, Vitalisation, Donate Gold


You were on level 9 of the Dungeon.
You worshipped Zin.
Zin was pleased with you.
You visited 2 branches of the dungeon, and saw 10 of its levels.
You also visited: Sewer.

You collected 352 gold pieces.
You donated 35 gold pieces to Zin.

Inventory:

Hand Weapons
 a - a +0 trident (weapon)
 E - a +2 spear of freezing
Missiles
 d - 6 throwing nets (quivered)
Armour
 c - a +0 hat (worn)
 e - a +1 kite shield of reflection (worn)
 l - a scarf of repulsion
 q - a +0 plate armour
 s - a +0 chain mail (worn)
 t - a +0 cloak (worn)
Jewellery
 x - a +6 ring of strength (left hand)
Wands
 r - a wand of flame (36)
 u - a wand of iceblast (7)
 A - a wand of digging (7)
 D - a wand of paralysis (9)
Scrolls
 b - 5 scrolls of amnesia
 i - 3 scrolls of teleportation
 j - 4 scrolls of magic mapping
 m - a scroll of blinking {unknown}
 n - 3 scrolls of enchant armour
 o - a scroll of summoning
 v - 2 scrolls of vulnerability
 w - a scroll of fear {unknown}
 y - a scroll of enchant weapon
 B - a scroll of fog
 G - a scroll of torment {unknown}
 H - 2 scrolls of identify
Potions
 f - a potion of lignification
 g - a potion of might
 h - a potion of flight
 k - 2 potions of heal wounds
 p - 2 potions of curing
 z - a potion of resistance
 C - 2 potions of degeneration {unknown}
 F - 2 potions of invisibility {unknown}


   Skills:
 + Level 10.3 Fighting
 + Level 10.6 Polearms
 - Level 2.0 Throwing
 - Level 5.3 Armour
 - Level 3.2 Dodging
 + Level 8.3 Shields
 + Level 6.3 Evocations


You had 9 spell levels left.
You didn't know any spells.
Your spell library contained the following spells:

 Spells                   Type           Power      Damage    Failure   Level
 Sting                    Tmut/Pois      0%         1d3       99%         1
 Ensorcelled Hibernation  Hex/Ice        0%         N/A       100%        2
 Poisonous Vapours        Pois/Air       0%         N/A       100%        2
 Portal Projectile        Hex/Tloc       0%         N/A       100%        3
 Spider Form              Tmut/Pois      0%         N/A       100%        3
 Olgreb's Toxic Radiance  Pois           0%         N/A       100%        4
 Blade Hands              Tmut           0%         N/A       100%        5
 Excruciating Wounds      Necr           0%         N/A       100%        5
 Shadow Creatures         Summ           N/A        N/A       100%        6
 Ozocubu's Refrigeration  Ice            0%         4d5       100%        7
 Ignition                 Fire           0%         3d3       100%        8


Dungeon Overview and Level Annotations

Branches:
Dungeon (9/15)             Temple (1/1) D:5           Sewer (visited)
   Lair: D:8-11         Orc: D:9-12

Altars:
Ashenzari
Dithmenos
Elyvilon
Fedhas
Gozag
Hepliaklqana
Kikubaaqudgha
Makhleb
Nemelex Xobeh
Okawaru
Qazlal
Ru
Sif Muna
Trog
Uskayaw
Vehumet
Wu Jian
Xom
Zin

Shops:
D:3 =!?[   D:5 [*

Annotations:
D:6 Blork the orc


Innate Abilities, Weirdness & Mutations

You have a pair of horns on your head.
You reflexively headbutt those who attack you in melee.


Message History

Deactivating autopickup; reactivate with Ctrl-A.
You are confused.
You start resting.
You hear some strange, mumbled words.
Something tries to affect you, but you resist.
You barely miss something. You headbutt something.
Something hits you but does no damage. Something bites you but does no damage.
You bump into the rock wall.
Something hits you!
* * * LOW HITPOINT WARNING * * *
Something bites you.
* * * LOW HITPOINT WARNING * * *
Something draws strength from your injuries!
You puncture something!
Unknown command.
You feel much better. Something hits you but does no damage.
Something bites you.
Something draws strength from your injuries!
You bump into the rock wall.
Something hits you but does no damage. Something bites you.
Something draws strength from your injuries!
You bump into the rock wall.
You feel less confused. Something hits you! Something bites you.
Something draws strength from your injuries!
You hit something. You headbutt something. Something hits you.
* * * LOW HITPOINT WARNING * * *
Something bites you!
* * * LOW HITPOINT WARNING * * *
Something draws strength from your injuries!
You barely miss something. Something hits you.
* * * LOW HITPOINT WARNING * * *
Something bites you!
* * * LOW HITPOINT WARNING * * *
Something draws strength from your injuries!
You closely miss something. You headbutt something! Something hits you.
* * * LOW HITPOINT WARNING * * *
Something bites you but does no damage.
You hit something. Your headbutt misses something.
You block something's attack. Something bites you.
You die...

.........# #.#
.........# #.#
.........# #.#
#.# #.# #.#
#.#
#.############
#....@{..)...#
##########)###
#######.##
.......o.#
.######..#
#..# #..# #
#..# .. #..#


There were no monsters in sight!

Vanquished Creatures
  Harold (D:7)
  2 cyclopes
  Maggie (D:8)
  Sigmund (D:5)
  A wyvern (D:9)
  6 yaks
  A water moccasin (D:6)
  3 ice beasts
  A sky beast (D:7)
  A black bear (D:7)
  An orc warrior (D:8)
  A hornet zombie (D:8)
  2 necrophages
  A centaur (D:8)
  A phantom (D:6)
  3 bullfrogs
  A gnoll sergeant (D:5)
  2 wyvern zombies
  3 scorpions
  A water moccasin skeleton (D:4)
  6 wights
  4 howler monkeys
  2 centaur zombies (D:8)
  A bullfrog zombie (D:5)
  5 hounds
  A human zombie (D:8)
  5 orc priests
  A gnoll shaman (D:7)
  Crazy Yiuf (D:4)
  2 bullfrog skeletons (D:6)
  5 iguanas
  4 orc wizards
  2 scorpion zombies (D:5)
  2 mummies (D:8)
  3 howler monkey zombies
  12 gnolls
  13 adders
  2 shadow imps
  2 white imps
  A worm (D:2)
  4 dart slugs
  26 orcs
  8 endoplasms
  3 giant cockroaches
  6 goblins
  7 hobgoblins
  7 jackals
  10 quokkas
  9 ball pythons
  2 bats
  13 frilled lizards
  10 kobolds
  3 rats
216 creatures vanquished.

Vanquished Creatures (others)
  40 fungi (D:9)
  45 plants (D:9)
85 creatures vanquished.

Grand Total: 301 creatures vanquished

Notes
Turn   | Place    | Note
-------+----------+-------------------------------------------
     0 | D:1      | Mesmaeker13 the Minotaur Gladiator began the quest for the
                  | Orb.
     0 | D:1      | Reached XP level 1. HP: 18/18 MP: 0/0
    18 | D:1      | Noticed a minotaur skeleton
   222 | D:1      | Reached skill level 1 in Armour
   231 | D:1      | Reached XP level 2. HP: 25/25 MP: 1/1
   730 | D:1      | Reached XP level 3. HP: 31/31 MP: 2/2
  2123 | D:3      | Found Voekics's Antique Armour Emporium.
  2170 | D:3      | Reached XP level 4. HP: 37/40 MP: 3/3
  2228 | D:3      | Found a faded altar of an unknown god.
  2238 | D:3      | Found Higeponk's Magic Scroll Emporium.
  2240 | D:3      | Found a glowing drain.
  2277 | Sewer    | Entered a sewer
  2411 | Sewer    | Reached skill level 5 in Polearms
  2411 | Sewer    | Reached XP level 5. HP: 36/46 MP: 4/4
  2813 | Sewer    | Reached XP level 6. HP: 32/55 MP: 5/5
  2984 | D:3      | Reached skill level 5 in Fighting
  3037 | D:3      | Found a blossoming altar of Fedhas.
  3148 | D:3      | Found a burning altar of Makhleb.
  3384 | D:3      | Found Koceaj Diac's Jewellery Shop.
  3561 | D:3      | Found Ilievvoi's Distillery.
  3705 | D:4      | Reached skill level 5 in Armour
  3705 | D:4      | Reached XP level 7. HP: 62/62 MP: 6/6
  3797 | D:4      | Found a shimmering altar of Xom.
  3797 | D:4      | Found a broken altar of Ashenzari.
  3868 | D:4      | Identified a scroll of acquirement
  3871 | D:4      | Acquired a +1 kite shield of reflection
  4108 | D:4      | Found a sacrificial altar of Ru.
  4205 | D:4      | Reached skill level 1 in Shields
  4218 | D:4      | Found a runed translucent door.
  4219 | D:4      | Noticed Crazy Yiuf
  4564 | D:4      | Killed Crazy Yiuf
  4621 | D:5      | Entered Level 5 of the Dungeon
  4714 | D:5      | Reached skill level 1 in Evocations
  4715 | D:5      | Noticed Sigmund
  4776 | D:4      | Identified the +3 leather armour of Akixajur {Str+7}
  4837 | D:5      | Found a shimmering blue altar of Sif Muna.
  5271 | D:6      | Reached XP level 8. HP: 61/71 MP: 7/7
  5365 | D:6      | Found an iron altar of Okawaru.
  5526 | D:6      | Found a burning altar of Makhleb.
  5527 | D:6      | Noticed a cyclops
  5557 | D:6      | Killed a cyclops
  5883 | D:6      | Found a shimmering blue altar of Sif Muna.
  5883 | D:6      | Noticed Blork the orc
  6511 | D:5      | Reached XP level 9. HP: 76/81 MP: 8/8
  6524 | D:5      | Reached skill level 5 in Shields
  6560 | D:5      | Found a staircase to the Ecumenical Temple.
  6560 | D:5      | Found Lydio's Antique Armour Emporium.
  6586 | Temple   | Entered the Ecumenical Temple
  6773 | D:5      | Killed Sigmund
  6830 | D:5      | Found a white marble altar of Elyvilon.
  6938 | D:5      | Found Zin's Purification Station.
  6942 | D:5      | Found a glowing silver altar of Zin.
  6948 | D:5      | Became a worshipper of Zin the Law-Giver
  6948 | D:5      | Reached * piety under Zin
  7398 | D:7      | Noticed Harold
  7412 | D:7      | Killed Harold
  7413 | D:7      | Reached skill level 5 in Evocations
  7859 | D:7      | Reached XP level 10. HP: 91/91 MP: 9/9
  7987 | D:8      | Noticed a cyclops
  8316 | D:8      | Reached ** piety under Zin
  8332 | D:8      | Killed a cyclops
  8589 | D:8      | Noticed Maggie
  8608 | D:8      | Killed Maggie
  8609 | D:8      | Reached skill level 10 in Polearms
  8797 | D:8      | Found an ancient bone altar of Kikubaaqudgha.
  9456 | D:9      | Reached skill level 10 in Fighting
 10086 | D:9      | HP: 4/94 [something (10)]
 10088 | D:9      | Slain by a vampire

Illustrated notes

Levels and vault maps discovered:
D:1:      shiori_arrival_whats_in_store_for_you, layout_loops_cross
D:2:      layout_basic
D:3:      layout_rooms, fedhas_altar_4, lightli_temple_of_fire,
          gup_sewer_entry_glass, serial_shops, nicolae_shop_stone,
          nicolae_shop_stone, nicolae_lakefront_shop, nicolae_shop_statue_plus,
          ebering_ecumenical_altar_rust, grunt_ministairs_3
D:4:      layout_loops_ring, nicolae_ru_awakened_eye,
          amethyst_overflow_temple_binary, uniq_crazy_yiuf_cottage
D:5:      layout_cave_pools, zin_purify, mainiacjoe_overflow_24_doors,
          lemuel_doored_altar, temple_pool_b, serial_shops, nicolae_square_shop,
          uniq_sigmund
D:6:      layout_rooms, kennysheep_okawaru_gauntlet, hangedman_feature_mirror,
          chequers_serial_rivers_room_a, uniq_blork_the_orc
D:7:      layout_rooms, uniq_harold
D:8:      layout_basic, lemuel_mausoleum_altar_kikubaaqudgha, uniq_maggie
D:9:      layout_basic, kennysheep_mini_moat, due_lair_maze_entry_diamond,
          minmay_orc_entry_temple_small, serial_shops, nicolae_diamond_shop,
          uniq_pikel
Temple:   nicolae_temple_figure_zero

Skill      XL: |  1  2  3  4  5  6  7  8  9 10 |
---------------+-------------------------------+-----
Armour         | 1 2 3 4 5 |  5.3
Polearms       | 4 5 6 7 8 9 10 | 10.6
Fighting       | 3 4 5 6 7 9 10 | 10.3
Shields        | 2 4 7 8 |  8.3
Evocations     | 1 3 5 6 |  6.3
Throwing       | |  2.0
Dodging        | |  3.2

Action                   |  1- 3 |  4- 6 |  7- 9 | 10-12 || total
-------------------------+-------+-------+-------+-------++-------
Melee: Trident           |    67 |       |    44 |   102 ||   213
       Headbutt          |    10 |    21 |    75 |    46 ||   152
       Spear             |    18 |   153 |   274 |    66 ||   511
Throw: Throwing net      |       |     1 |     6 |     1 ||     8
Evoke: Wand              |       |       |     5 |    11 ||    16
  Use: Scroll            |     3 |     3 |     8 |     1 ||    15
       Potion            |       |       |       |     3 ||     3
 Stab: Sleeping          |     1 |       |       |       ||     1
       Held in net/web   |       |     3 |     2 |     2 ||     7
Armor: Leather armour    |     2 |       |       |       ||     2
       Scale mail        |    14 |    46 |     2 |       ||    62
       Chain mail        |       |       |    79 |    42 ||   121
Dodge: Dodged            |    20 |    55 |    48 |    27 ||   150
       Repelled          |     1 |     1 |       |       ||     2
Block: Kite shield       |       |       |   100 |    65 ||   165
       Reflection        |       |       |     1 |     3 ||     4
